 Dungeon Crawl Stone Soup version 0.29-a0-284-gf9362112df (webtiles) character file.

Game seed: 145346770952566503

1 being54 the Sneak (level 1, 0/16 HPs)
             Began as a Demonspawn Brigand on Mar 16, 2022.
             Succumbed to an adder's poison
             ... on level 2 of the Dungeon.
             The game lasted 00:00:16 (179 turns).

being54 the Sneak (Demonspawn Brigand)               Turns: 179, Time: 00:00:17

Health: 0/16       AC:  3    Str: 11    XL:     1   Next: 16%
Magic:  1/1        EV: 11    Int: 12    God:
Gold:   0          SH:  0    Dex: 14    Spells: 0/0 levels left

rFire   . . .      SeeInvis .   a - +2 dagger
rCold   . . .      Faith    .   (no shield)
rNeg    . . .      Spirit   .   b - +0 robe
rPois   .          Reflect  .   (no helmet)
rElec   .          Harm     .   c - +0 cloak
rCorr   .          Rampage  .   (no gloves)
Will    .....                   (no boots)
Stlth   ++........              (no amulet)
HPRegen 0.05/turn               (no ring)
MPRegen 0.07/turn               (no ring)

@: lethally poisoned (0 -> -3)
A: no striking features
a: no special abilities


You were on level 2 of the Dungeon.
You visited 1 branch of the dungeon, and saw 2 of its levels.

Inventory:

Hand Weapons
 a - a +2 dagger (weapon)
Missiles
 d - 11 poisoned darts (quivered)
 e - 3 curare-tipped darts
Armour
 b - a +0 robe (worn)
 c - a +0 cloak (worn)


   Skills:
 + Level 2.0 Fighting
 + Level 1.7 Short Blades
 + Level 1.7 Throwing
 + Level 0.8 Dodging
 + Level 3.7 Stealth


You couldn't memorise any spells.
You didn't know any spells.
Your spell library was empty.

Dungeon Overview and Level Annotations

Branches:
Dungeon (1/15)

Altars:

Annotations:
D:2 Sigmund


Message History

The ball python is severely wounded.
The ball python bites you but does no damage.
The ball python constricts you.
You hit the ball python.
You kill the ball python!
No target in view!
HP restored.
d - 11 poisoned darts (gained 2)
You open the door.
Found a stone staircase leading down.
There is an open door here.
There is a stone staircase leading down here.
Sigmund and an adder come into view.
Sigmund is wielding a +1 vorpal scythe.
Sigmund shouts!
Found a stone staircase leading down.
Sigmund hits you from afar with a +1 vorpal scythe.
Sigmund misses you.
You completely miss Sigmund.
The adder hisses angrily.
You closely miss Sigmund. The adder bites you but does no damage.
Sigmund hits you with a +1 vorpal scythe.
You are too injured to fight recklessly!
You hit the adder but do no damage. The adder completely misses you.
Sigmund closely misses you. The adder bites you.
You hit the adder.
The adder is lightly wounded.
The adder bites you.
* * * LOW HITPOINT WARNING * * *
You are lethally poisoned!
The adder poisons you!
You closely miss the adder.
The adder is lightly wounded.
* * * LOW HITPOINT WARNING * * *
You feel sick. Sigmund barely misses you. The adder barely misses you.
You closely miss the adder.
The adder is lightly wounded.
The adder closely misses you.
You hit the adder.
The adder is heavily wounded.
You die...

+.........'........#
#.......>.####...####
#.......##.........#
##.....###.###.###.#
#.....## #.# #.# #
#.##..# #.# #.# #
##..# #.# #.. #...#
#.# ### #@#.# #.#
......@S...>.#.#
####.......#.#..
#..#...## # #.......
#.####### #. #.


You could see Sigmund and an adder.

Vanquished Creatures
  A ball python (D:2)
1 creature vanquished.

Notes
Turn   | Place    | Note
-------+----------+-------------------------------------------
     0 | D:1      | being54 the Demonspawn Brigand began the quest for the Orb.
     0 | D:1      | Reached XP level 1. HP: 16/16 MP: 1/1
   103 | D:1      | You fall into a shaft and drop 1 floor!
   168 | D:2      | Noticed Sigmund
   179 | D:2      | Succumbed to an adder's poison

Illustrated notes

Levels and vault maps discovered:
D:1:      dpeg_cavernosity, layout_basic, basic_ecumenical_altar,
          corexii_item_surrounded_by_moat
D:2:      layout_loops_corners, uniq_sigmund, uniq_jessica, uniq_robin

Action                   || total
-------------------------++-------
Melee: Dagger            ||     9
Armor: Robe              ||     3
Dodge: Dodged            ||     6

Table legend: (Time is in decaauts)
 A = Elapsed time spent in this place.
 B = Non-inter-level travel time spent in this place.
 C = Inter-level travel time spent in this place.
 D = Time resting spent in this place.
 E = Time spent auto-exploring this place.
 F = Levels seen in this place.
 G = Mean time per level.
                   A        B        C        D        E       F      G
               +--------+--------+--------+--------+--------+-----+--------+
         Total |    178 |    178 |      0 |      0 |    162 |   2 |   89.0 |
       Dungeon |    178 |    178 |      0 |      0 |    162 |   2 |   89.0 |
               +--------+--------+--------+--------+--------+-----+--------+

Top non-repeatable levels by time:
     D:1: 103 daAuts
     D:2: 75 daAuts
